 Dungeon Crawl Stone Soup version 0.19-a0-27-g415f530 (webtiles) character file.

442 M4edhros the Martial Artist (level 6, 0/46 HPs)
             Began as a Vampire Monk on May 1, 2016.
             Was a Believer of Okawaru.
             Slain by an orc
             ... wielding a +0 flail
              (7 damage)
             ... on level 8 of the Dungeon.
             The game lasted 00:05:24 (1265 turns).

M4edhros the Martial Artist (Vampire Monk)          Turns: 1265, Time: 00:05:25

Health: 0/46       AC:  3    Str: 12    XL:     6   Next: 71%
Magic:  6/6        EV: 14    Int: 12    God:    Okawaru [**....]
Gold:   96         SH:  0    Dex: 17    Spells: 0 memorised, 5 levels left

rFire  . . .     SeeInvis +       - Unarmed
rCold  . . .     Gourm    .     a - +1 robe
rNeg   . . .     Faith    .     (no shield)
rPois  .         Spirit   .     (no helmet)
rElec  .         Dismiss  .     (no cloak)
rCorr  .         Reflect  .     (no gloves)
SustAt .         Harm     .     (no boots)
MR     .....                    (no amulet)
Stlth  +++.......               (no ring)
                                (no ring)

@: regenerating very quickly, not resistant to hostile enchantments, fairly
stealthy
A: fangs 3, see invisible, unbreathing
a: Heroism, Renounce Religion


You were on level 8 of the Dungeon.
You worshipped Okawaru.
Okawaru was pleased with you.
You were almost alive.

You visited 2 branches of the dungeon, and saw 9 of its levels.

You collected 96 gold pieces.

Inventory:

Hand Weapons
 g - a +1 glaive of venom
Armour
 a - a +1 robe (worn)
 d - a +0 leather armour
Scrolls
 e - 4 scrolls of identify
 h - 4 scrolls of remove curse
 i - a scroll of teleportation
Potions
 f - 6 potions of blood


   Skills:
 - Level 2.6 Fighting
 - Level 3.2 Dodging
 - Level 3.0 Stealth
 + Level 8.9 Unarmed Combat


You had 5 spell levels left.
You didn't know any spells.

Dungeon Overview and Level Annotations

Branches:
Dungeon (8/15)             Temple (1/1) D:6
   Lair: D:8-11

Altars:
Ashenzari
Dithmenos
Elyvilon
Gozag
Kikubaaqudgha
Makhleb
Nemelex Xobeh
Okawaru
Pakellas
Ru
Sif Muna
Trog
Vehumet
The Shining One


Innate Abilities, Weirdness & Mutations

Your natural rate of healing is extremely fast.
You have razor-sharp teeth.
You have supernaturally acute eyesight.
You can survive without breathing.


Message History

Read which item? (? for menu, Esc to quit)
As you read the scroll labeled WIET TAERAK, it crumbles to dust.
You hear a loud clanging noise!
It was a scroll of noise.
The worker ant twitches its antennae in your direction.
The orc warrior shouts!
You hear a shout!
You hear a howl!
The orc misses you.
Read which item? (? for menu, Esc to quit)
As you read the scroll labeled ULEPSUSCHIEDY, it crumbles to dust.
You feel blessed for a moment.
It was a scroll of remove curse.
The orc hits you from afar with a trident.
* * * LOW HITPOINT WARNING * * *
Read which item? (? for menu, Esc to quit)
As you read the scroll labeled OSSACA JEMPOM, it crumbles to dust.
It is a scroll of identify.
Identify which item? (\ to view known items) (? for menu, Esc to quit)
i - a scroll of teleportation The orc closely misses you.
The orc priest closely misses you. The orc barely misses you.
The orc hits you with a flail!
You die...

##.........
#...o.....#
#.........##
#...........
#...........
###...a[o.....
#.....o...#
#.....o...#
#....o@...#
######o####
#o# #.# #o#
#o# #.# #.#


You could see 2 orc warriors, a worker ant, an orc priest and 6 orcs.

Vanquished Creatures
  Eustachio (D:4)
  Blork the orc (D:4)
  A centaur zombie (D:4)
  A hound (D:4)
  A giant frog skeleton (D:4)
  3 worker ants
  A gnoll (D:1)
  An adder (D:2)
  An ooze (D:1)
  3 giant geckos (D:1)
  4 orcs (D:5)
  3 giant cockroaches (D:1)
  6 goblins
  2 hobgoblins (D:1)
  5 jackals (D:5)
  A quokka (D:7)
  2 bats (D:1)
  7 kobolds
  A rat (D:1)
45 creatures vanquished.

Notes
Turn   | Place    | Note
--------------------------------------------------------------
     0 | D:1      | M4edhros the Vampire Monk began the quest for the Orb.
     0 | D:1      | Reached XP level 1. HP: 17/17 MP: 1/1
   256 | D:1      | Reached XP level 2. HP: 13/23 MP: 2/2
   271 | D:1      | Reached skill level 5 in Unarmed Combat
   327 | D:1      | Reached XP level 3. HP: 21/28 MP: 3/3
   380 | D:1      | Found a sparkling altar of Nemelex Xobeh.
   646 | D:4      | Reached skill level 6 in Unarmed Combat
   646 | D:4      | Reached XP level 4. HP: 13/34 MP: 4/4
   669 | D:4      | Noticed Eustachio
   671 | D:4      | Reached XP level 5. HP: 2/39 MP: 5/5
   673 | D:4      | Noticed Blork the orc
   710 | D:4      | Reached skill level 7 in Unarmed Combat
   732 | D:4      | Found a shattered altar of Ashenzari.
   814 | D:4      | Killed Eustachio
   814 | D:4      | Reached skill level 8 in Unarmed Combat
   814 | D:4      | Reached XP level 6. HP: 25/46 MP: 6/6
   850 | D:4      | Killed Blork the orc
   883 | D:5      | Entered Level 5 of the Dungeon
  1085 | D:6      | Found a staircase to the Ecumenical Temple.
  1094 | Temple   | Entered the Ecumenical Temple
  1119 | Temple   | Became a worshipper of Warmaster Okawaru
  1119 | Temple   | Reached * piety under Okawaru
  1119 | Temple   | Reached ** piety under Okawaru
  1258 | D:8      | Noticed an orc warrior
  1261 | D:8      | Noticed an orc warrior
  1265 | D:8      | Slain by an orc

Vault maps used:
D:1:      elethiomel_arrival_fortress_basement,
          nemelex_xobeh_ov_fountains_minmay
D:2:      serial_forest, infiniplex_forest_lined_3, infiniplex_forest_diagonal,
          infiniplex_forest_lined_4_way, infiniplex_forest_lined_2,
          infiniplex_forest_end_1, infiniplex_forest_lined_room_2,
          infiniplex_forest_corner_1
D:3:      grunt_temple_overflow_open, nicolae_ru_awakened_eye, uniq_iyjb,
          uniq_crazy_yiuf_cottage
D:4:      evilmike_ruin_ashenzari, uniq_eustachio, uniq_pikel,
          uniq_blork_the_orc, uniq_natasha
D:5:      grunt_temple_overflow_order_and_chaos_1, first_bread, uniq_menkaure,
          uniq_duvessa, uniq_grinder
D:6:      minmay_temple_entry_overgrown
D:7:      kennysheep_slugbush, lemuel_crystal_altar, kennysheep_little_box,
          grunt_ogre_cave, uniq_joseph
D:8:      minmay_lair_entry_lava, lemuel_statue_altar
Temple:   circular_temple_13

Skill      XL: |  1  2  3  4  5 |
---------------+----------------+-----
Unarmed Combat | 5 6 8 |  8.9
Fighting       | |  2.6
Dodging        | |  3.2
Stealth        | |  3.0

Action                   |  1- 3 |  4- 6 || total
-------------------------+-------+-------++-------
Melee: Unarmed           |    77 |    96 ||   173
       Bite              |     3 |    10 ||    13
       Punch             |     2 |     1 ||     3
  Use: Potion            |     9 |     7 ||    16
       Scroll            |       |     4 ||     4
 Stab: Sleeping          |     4 |     1 ||     5
Armor: Robe              |     4 |     9 ||    13
Dodge: Dodged            |    48 |    77 ||   125
